 Dungeon Crawl Stone Soup version 0.20.1-1-g8b1a95d (webtiles) character file.

19 tidbits the Caller (level 2, 0/19 HPs)
             Began as a Demonspawn Summoner on Aug 18, 2017.
             Slain by a quokka (2 damage)
             ... on level 2 of the Dungeon.
             The game lasted 00:05:14 (610 turns).

tidbits the Caller (Demonspawn Summoner)             Turns: 610, Time: 00:05:15

Health: 0/19       AC:  2    Str:  6 (8)  XL:     2   Next: 55%
Magic:  1/5        EV: 12    Int: 14 (16) God:
Gold:   58         SH:  0    Dex: 11 (13) Spells: 3/6 levels left

rFire    . . .     SeeInvis .   (no weapon)
rCold    . . .     Gourm    .   (no shield)
rNeg     . . .     Faith    .   B - +0 robe
rPois    .         Spirit   .   (no helmet)
rElec    .         Reflect  .   (no cloak)
rCorr    .         Harm     .   (no gloves)
MR       .....                  (no boots)
Stlth    ++........             (no amulet)
Regen    0.1/turn               (no ring)
MPRegen  0.1/turn               (no ring)

@: no status effects
A: spiny 1
a: no special abilities


You were on level 2 of the Dungeon.
You were not hungry.

You visited 1 branch of the dungeon, and saw 2 of its levels.

You collected 58 gold pieces.

Inventory:

Missiles
 a - 33 stones (quivered)
 m - 2 needles of confusion
 n - 13 arrows
Armour
 e - a +0 ring mail
 l - a +0 ring mail
 B - a +0 robe (worn)
Scrolls
 d - a scroll of teleportation
 i - a scroll of amnesia {unknown}
Potions
 j - a potion of flight {unknown}
Books
 b - a book of Callings

   Spells                             Type                      Level
   a - Summon Small Mammal            Summoning                    1
   b - Call Imp                       Summoning                    2
   c - Call Canine Familiar           Summoning                    3
   d - Summon Guardian Golem          Hexes/Summoning              3
   e - Summon Lightning Spire         Summoning/Air                4
   f - Summon Ice Beast               Ice/Summoning                4
Comestibles
 c - a bread ration
 f - 2 meat rations
 h - 2 royal jellies


   Skills:
 - Level 1.7 Dodging
 - Level 1.7 Stealth
 + Level 2.5 Spellcasting
 + Level 4.4 Summonings


You had 3 spell levels left.
You knew the following spells:

 Your Spells              Type           Power        Failure   Level  Hunger
i - Call Imp              Summ           ##......     5%          2    ###....
z - Summon Small Mammal   Summ           ##..         3%          1    #......


Dungeon Overview and Level Annotations

Branches:
Dungeon (2/15)

Altars:
Elyvilon
Zin

Annotations:
D:2 Robin


Innate Abilities, Weirdness & Mutations

You are partially covered in sharp spines.


Message History

Your quokka bites the quokka.
Your crimson imp hits the quokka.
The quokka dies!
You swap places.
Your crimson imp blinks!
You swap places.
What are your orders? t - Shout!
Orders for allies: a - Attack new target. r - Retreat! s - Stop attacking. g - Guard the area. f - Follow me.
Anything else - Cancel.
Gang up on whom?
Press: ? - help, Dir - move target cursor, f - kobold
Aim: a kobold, wielding a short sword Attack!
Your bat hits the kobold but does no damage.
The kobold hits your bat with a short sword.
Your bat dies!
Your bat's corpse disappears in a puff of smoke!
You swap places.
What are your orders? t - Shout!
Orders for allies: a - Attack new target. p - Attack previous target. r - Retreat! s - Stop attacking. g - Guard the area. f - Follow me.
Anything else - Cancel.
Gang up on whom?
Press: ? - help, Dir - move target cursor, f/p - kobold
Aim: a kobold, wielding a short sword Attack!
The kobold hits your crimson imp with a short sword.
The kobold hits your quokka with a short sword.
Your quokka dies!
Your quokka's corpse disappears in a puff of smoke!
Your crimson imp hits the kobold.
What are your orders? t - Shout!
Orders for allies: a - Attack new target. p - Attack previous target. r - Retreat! s - Stop attacking. g - Guard the area. f - Follow me.
Anything else - Cancel.
Gang up on whom?
Press: ? - help, Dir - move target cursor, f/p - kobold
Aim: a kobold, wielding a short sword (severely wounded)
Okay, then.
Casting: Summon Small Mammal
Confirm with . or Enter, or press ? or * to list all spells.
A beastly little devil appears in a puff of frigid air.
Your crimson imp hits the kobold but does no damage.
The kobold is struck by your spines.
You kill the kobold!
You swap places.
You swap places.
You swap places.
Things that are here:
a short sword; a kobold corpse Your crimson imp disappears in a puff of smoke!
d - 2 scrolls labeled TESOC ROOLL (gained 1)
As you read the scroll labeled TESOC ROOLL, it crumbles to dust.
You feel strangely unstable.
It was a scroll of teleportation.
Things that are here:
a short sword; a kobold corpse You swap places.
Your surroundings suddenly seem different.
A leopard gecko comes into view.
The leopard gecko hisses angrily.
A hobgoblin comes into view.
Found a stone staircase leading down.
The hobgoblin shouts!
The leopard gecko is struck by your spines.
The leopard gecko closely misses you.
You enter a teleport trap!
The teleport trap disappears.
Your surroundings suddenly seem different.
Found 10 gold pieces.
Found a stone staircase leading down.
A quokka comes into view.
Found a leather armour.
Found a stone staircase leading up.
Casting: Call Imp
Confirm with . or Enter, or press ? or * to list all spells.
The quokka is struck by your spines. The quokka bites you.
* * * LOW HITPOINT WARNING * * *
Casting: Summon Small Mammal
Confirm with . or Enter, or press ? or * to list all spells.
You don't have enough magic to cast that spell.
The quokka is struck by your spines. The quokka bites you.
* * * LOW HITPOINT WARNING * * *
Casting: Summon Small Mammal
Confirm with . or Enter, or press ? or * to list all spells.
The quokka bites you.
* * * LOW HITPOINT WARNING * * *
Your bat hits the quokka but does no damage.
Your bat closely misses the quokka.
Your bat closely misses the quokka.
Your bat hits the quokka. The quokka bites your bat.
Your bat dies!
Your bat's corpse disappears in a puff of smoke!
It was a potion of degeneration.
There was something very wrong with that liquid.
You feel weakened.
You feel dopey.
You feel clumsy. The quokka bites you.
You die...

#......## ##.....##
#..#..### ##...##.## #
...# #####.... .....
<.....[ #### .......
....$.. ### .......
.....############.......
#...@r.r##...........
#######.ยง..###....>..
###### #######


You could see a quokka and a friendly rat.

Vanquished Creatures
  2 bats
  A frilled lizard (D:2)
  A kobold (D:2)
  A rat (D:1)
5 creatures vanquished.

Vanquished Creatures (collateral kills)
  An adder (D:2)
  3 bats (D:1)
  3 giant cockroaches (D:1)
  3 hobgoblins (D:1)
  A quokka (D:2)
  2 ball pythons (D:1)
  2 frilled lizards (D:1)
15 creatures vanquished.

Grand Total: 20 creatures vanquished

Notes
Turn   | Place    | Note
-------+----------+-------------------------------------------
     0 | D:1      | tidbits the Demonspawn Summoner began the quest for the Orb.
     0 | D:1      | Reached XP level 1. HP: 13/13 MP: 3/3
   311 | D:1      | HP: 1/13 [hobgoblin/club (4)]
   314 | D:1      | Gained mutation: You are partially covered in sharp spines. [demonic ancestry]
   314 | D:1      | Reached XP level 2. HP: 2/19 MP: 0/5
   318 | D:1      | Learned a level 2 spell: Call Imp
   489 | D:2      | Noticed Robin
   510 | D:2      | Found a white marble altar of Elyvilon.
   537 | D:2      | Found a glowing silver altar of Zin.
   606 | D:2      | HP: 1/19 [quokka (2)]
   610 | D:2      | Slain by a quokka

Action                   || total
-------------------------++-------
Melee: Unarmed           ||    42
Throw: Stone             ||     1
 Cast: Summon Small Mamm ||    24
       Call Imp          ||     3
  Use: Scroll            ||     1
       Potion            ||     1
 Stab: Sleeping          ||     2
Armor: Robe              ||    16
Dodge: Dodged            ||    45

Table legend:
 A = Turns spent in this place as a percentage of turns spent in the entire game.
 B = Non-inter-level travel turns spent in this place as a percentage of non-inter-level travel turns spent in the entire game.
 C = Inter-level travel turns spent in this place as a percentage of turns spent in this place.
 D = Turns resting spent in this place as a percentage of non-inter-level travel turns spent in this place.
 E = Turns spent auto-exploring this place as a percentage of non-inter-level travel turns spent in this place.
 F = Non-inter-level travel turns spent in this place divided by the number of levels of this place that you've seen.
                   A       B       C       D       E      F
               +-------+-------+-------+-------+-------+----------------------
         Total | 100.0 | 100.0 |   0.0 |   0.0 |   0.0 | 302.5
       Dungeon | 100.0 | 100.0 |   0.0 |   0.0 |   0.0 | 302.5
               +-------+-------+-------+-------+-------+----------------------

Table legend:
 A = Kills in this place as a percentage of kills in entire the game.
 B = Kills by you in this place as a percentage of kills by you in the entire game.
 C = Kills by friends in this place as a percentage of kills by friends in the entire game.
 D = Other kills in this place as a percentage of other kills in the entire game.
 E = Experience gained in this place as a percentage of experience gained in the entire game.
 F = Experience gained in this place divided by the number of levels of this place that you have seen.
                   A       B       C       D       E      F
               +-------+-------+-------+-------+-------+----------------------
         Total | 100.0 | 100.0 | 100.0 |  -nan | 100.0 |  14.0
       Dungeon | 100.0 | 100.0 | 100.0 |  -nan | 100.0 |  14.0
               +-------+-------+-------+-------+-------+----------------------

Vault maps used:
D:1:      minmay_arrival_four_loops
D:2:      overflow_temple_1_default, lemuel_round_altar, minitemple, uniq_robin
